 Dungeon Crawl Stone Soup version 0.17-a0-744-gaa96792 (webtiles) character file.

6009 iknowmanysecrets the Cleaver (level 10, -3/85 HPs)
             Began as a Troll Gladiator on Apr 21, 2015.
             Was the Champion of Cheibriados.
             Incinerated by a mottled draconian (12 damage)
             ... with a splash of liquid fire
             ... in a volcano.
             The game lasted 00:32:24 (9890 turns).

iknowmanysecrets the Cleaver (Troll Gladiator)      Turns: 9890, Time: 00:32:25

Health: -3/85      AC: 13    Str: 43      XL:     10   Next: 56%
Magic:  10/10      EV: 18    Int: 22      God:    Cheibriados [******]
Gold:   534        SH:  0    Dex: 24 (25) Spells: 0 memorised, 9 levels left

rFire  . . .     SeeInvis .     e - +0 battleaxe
rCold  + . .     Clarity  .     b - +0 robe
rNeg   + . .     SustAb   .     (no shield)
rPois  .         Gourm    +     c - +2 hat
rElec  .         Spirit   .     Q - +1 cloak
rCorr  .         Warding  +     (gloves unavailable)
rMut   .         Stasis   .     (boots unavailable)
MR     .....                    q - brooch of Shielding {Ward rN+ AC+4 EV+4}
Stlth  +.........               I - ring of protection from cold
                                n - +3 ring of strength

@: liquid flames, glowing, very slow, not resistant to hostile enchantments,
very unstealthy
A: unfitting armour, claws 3, fast metabolism 3, gourmand, regeneration 2,
shaggy fur 1, tough skin 2
a: Bend Time, Temporal Distortion, Slouch, Step From Time, Renounce Religion


You were in a volcano.
You worshipped Cheibriados.
Cheibriados was exalted by your worship.
You were not hungry.

You visited 3 branches of the dungeon, and saw 13 of its levels.
You also visited: Sewer and Volcano.

You collected 722 gold pieces.
You spent 188 gold pieces at shops.

Inventory:

Hand weapons
 a - a +2 war axe
 e - a +0 battleaxe (weapon)
 K - a cursed +2 demon blade of pain
Missiles
 d - 6 throwing nets
 i - 67 poisoned needles
 j - 11 javelins (quivered)
 H - 6 curare-tipped needles
 U - 3 tomahawks
Armour
 b - a +0 robe (worn)
 c - a +2 hat (worn)
 f - a +0 shield
 Q - a +1 cloak (worn)
Magical staves
 N - an uncursed staff of cold
 R - an uncursed staff of poison
Jewellery
 n - a +3 ring of strength (left claw)
 o - a cursed ring of wizardry
 q - the brooch of Shielding (around neck) {Ward rN+ AC+4 EV+4}
   (You found it in a sewer)

   [amulet of warding]

   It may prevent the melee attacks of summoned creatures.
   It affects your AC (+4).
   It affects your evasion (+4).
   It protects you from negative energy.
 C - an uncursed ring of ice
 I - a ring of protection from cold (right claw)
Magical devices
 P - a wand of cold (6)
Scrolls
 g - a scroll of teleportation
 l - 2 scrolls of identify
 s - a scroll of amnesia
 u - a scroll of blinking
 y - 2 scrolls of recharging
 L - a scroll of fog
 M - a scroll of remove curse
Potions
 h - a potion of agility
 k - a potion of magic
 m - 4 potions of curing
 p - 2 potions of flight
 r - a potion of heal wounds
 t - 5 potions of poison
 v - 2 potions of brilliance
 w - a potion of haste
 z - a potion of invisibility
 B - a potion of cancellation
 D - a potion of berserk rage
 G - a potion of lignification
Miscellaneous
 S - a phial of floods
Comestibles
 x - 3 meat rations
 A - 2 slices of pizza
 E - a royal jelly
 F - 5 fruits
 T - a beef jerky


   Skills:
 - Level 1.6 Fighting
 * Level 12.5 Axes
 - Level 1.7 Throwing
 + Level 4.7 Dodging
 + Level 1.7 Invocations


You had 9 spell levels left.
You didn't know any spells.

Dungeon Overview and Level Annotations

Branches:
Dungeon (10/15)            Temple (1/1) D:5             Orc (2/4) D:10
   Lair: D:8-11

Altars:
Ashenzari
Cheibriados
Dithmenos
Elyvilon
Fedhas
Gozag
Kikubaaqudgha
Makhleb
Nemelex Xobeh
Okawaru
Qazlal
Ru
Sif Muna
Trog
Vehumet
Xom
Yredelemnul
Zin
The Shining One

Shops:
D:10 *

Annotations:
D:6 Blork the orc


Innate Abilities, Weirdness & Mutations

You are too large for most types of armour.
You have claws for hands.
Your metabolism is lightning-fast.
You like to eat raw meat.
You heal very quickly.
You are covered in fur (AC +1).
You have very tough skin (AC +2).


Message History

You feel much better.
You are covered in liquid flames!
The orc warrior hits you from afar with a trident of flaming!
The orc warrior burns you.
Read which item? (? for menu, Esc to quit)
As you read the scroll of teleportation, it crumbles to dust.
You feel strangely unstable.
You are covered in liquid flames!
* * * LOW HITPOINT WARNING * * *
The mottled draconian spits sticky flame at you.
The splash of liquid fire hits you!
You are covered in liquid flames!
The orc warrior misses you.
You are covered in liquid flames!
* * * LOW HITPOINT WARNING * * *
Your surroundings suddenly seem different.
You are covered in liquid flames!
* * * LOW HITPOINT WARNING * * *
You are covered in liquid flames!
You die...

≈≈≈§§§§≈≈§≈≈≈§≈......#
≈§≈≈≈≈≈≈≈≈≈≈≈.....## ≈
≈≈≈≈≈≈≈≈§.........##
§≈≈§≈≈§≈§≈≈§..........#
§≈≈≈§≈§§≈≈≈.........###
≈≈§≈≈≈≈§≈.............#
≈≈≈≈≈≈§≈≈............##
≈≈≈≈≈§≈............###
§≈≈≈§§..........@...#
≈≈...............####
....§........#####
...........###
......###..# ##.####
#### ....# #####


There were no monsters in sight!

Vanquished Creatures
  A troll (Orc:2)
  The ghost of Tunnel the Twirler, an average DgGl (D:5)
  A hippogriff (D:10)
  2 fire bats (Volcano)
  A water moccasin (D:9)
  Duvessa (D:5)
  A phantom (D:5)
  2 orc warriors
  2 sky beasts
  A necrophage (D:7)
  3 ice beasts
  A centaur (D:7)
  3 ogres
  The ghost of barthelme the Skirmisher, an average GrBe of Trog (D:3)
  A crocodile (D:9)
  An elf zombie (D:9)
  2 big kobolds (D:9)
  6 giant frogs
  A gnoll sergeant (D:9)
  Dowan (D:5)
  An elf skeleton (D:9)
  2 scorpions
  A jelly (D:10)
  5 killer bees (D:9)
  10 wights (D:9)
  3 crimson imps
  3 electric eels (D:7)
  2 giant frog zombies (D:10)
  A centaur zombie (D:5)
  5 lava snakes (Volcano)
  A centaur skeleton (D:4)
  A giant frog skeleton (D:5)
  Crazy Yiuf (D:2)
  3 human zombies (D:9)
  A quasit (D:9)
  7 hounds
  12 worker ants
  4 orc priests
  8 orc wizards
  3 human skeletons (D:9)
  4 iguanas
  2 killer bee zombies
  A hound zombie (D:5)
  A hound skeleton (D:7)
  3 mummies (D:9)
  13 gnolls
  A worker ant zombie (D:10)
  8 adders
  2 shadow imps (D:10)
  An ooze (D:3)
  2 adder zombies
  A worm (D:2)
  6 giant geckos
  39 orcs
  4 ball pythons
  16 bats
  2 bat skeletons (D:6)
  10 giant cockroaches
  10 hobgoblins
  19 jackals
  2 quokkas
  13 giant newts
  6 goblins
  A jackal zombie (D:6)
  31 kobolds
  17 rats
  A ballistomycete (D:5)
  A plant (D:7)
324 creatures vanquished.

Vanquished Creatures (others)
  A giant spore (D:5)
1 creature vanquished.

Grand Total: 325 creatures vanquished

Notes
Turn   | Place    | Note
--------------------------------------------------------------
     0 | D:1      | iknowmanysecrets, the Troll Gladiator, began the quest for the Orb.
     0 | D:1      | Reached XP level 1. HP: 19/19 MP: 0/0
   217 | D:1      | Reached XP level 2. HP: 21/27 MP: 1/1
   321 | D:1      | Reached skill level 3 in Axes
   662 | D:2      | Reached XP level 3. HP: 29/33 MP: 2/2
   953 | D:2      | Reached skill level 4 in Axes
   953 | D:2      | Reached XP level 4. HP: 36/41 MP: 3/3
  1038 | D:2      | Noticed Crazy Yiuf
  1043 | D:2      | Killed Crazy Yiuf
  1573 | D:3      | Noticed barthelme's ghost (average GrBe)
  1641 | D:3      | Killed barthelme's ghost
  1641 | D:3      | Reached skill level 5 in Axes
  1641 | D:3      | Reached XP level 5. HP: 31/48 MP: 4/4
  1784 | D:3      | Reached XP level 6. HP: 44/55 MP: 5/5
  2092 | D:4      | Found a glowing drain.
  2097 | Sewer    | Entered a sewer
  2313 | Sewer    | Reached skill level 6 in Axes
  2642 | D:4      | Reached XP level 7. HP: 62/62 MP: 6/6
  2683 | D:4      | Reached skill level 7 in Axes
  2846 | D:4      | Found a glowing silver altar of Zin.
  2847 | D:4      | Noticed an angel
  3093 | D:4      | Found a shimmering altar of Xom.
  3094 | D:4      | Found an iron altar of Okawaru.
  3208 | D:5      | Entered Level 5 of the Dungeon
  3263 | D:5      | Found a staircase to the Ecumenical Temple.
  3284 | Temple   | Entered the Ecumenical Temple
  3357 | Temple   | Became a worshipper of Cheibriados the Contemplative
  3376 | D:5      | Noticed Duvessa
  3377 | D:5      | Noticed Dowan
  3389 | D:5      | Killed Duvessa
  3389 | D:5      | Reached skill level 8 in Axes
  3389 | D:5      | Reached XP level 8. HP: 38/70 MP: 7/7
  3409 | D:5      | Killed Dowan
  3695 | D:5      | Noticed Tunnel's ghost (average DgGl)
  3899 | D:5      | Killed Tunnel's ghost
  3899 | D:5      | Reached skill level 9 in Axes
  4239 | D:5      | Acquired Cheibriados's first power
  4851 | D:6      | Reached skill level 10 in Axes
  5169 | D:6      | Noticed Blork the orc
  5180 | D:6      | Found a deep blue altar of Sif Muna.
  5755 | D:7      | Reached XP level 9. HP: 78/78 MP: 8/8
  6477 | D:7      | Found a burning altar of Makhleb.
  6761 | D:8      | Found a sacrificial altar of Ru.
  6761 | D:8      | Found an opulent altar of Gozag.
  6802 | D:8      | Reached skill level 11 in Axes
  6892 | D:8      | Acquired Cheibriados's second power
  7370 | D:9      | Acquired Cheibriados's third power
  7999 | D:9      | Reached XP level 10. HP: 83/85 MP: 9/9
  8111 | D:9      | Reached skill level 12 in Axes
  8132 | D:9      | Acquired Cheibriados's fourth power
  8460 | D:9      | Found an ancient bone altar of Kikubaaqudgha.
  8564 | D:10     | Entered Level 10 of the Dungeon
  8614 | D:10     | Found Moapn's Assorted Antiques.
  8625 | D:10     | Bought a battleaxe for 188 gold pieces
  8650 | D:10     | Found a staircase to the Orcish Mines.
  8833 | D:10     | Noticed a hill giant
  9147 | Orc:1    | Entered Level 1 of the Orcish Mines
  9410 | Orc:2    | Reached skill level 1 in Invocations
  9422 | Orc:2    | Found a dark tunnel.
  9434 | Volcano  | Entered a volcano
  9879 | Volcano  | Found a radiant altar of Vehumet.
  9879 | Volcano  | Noticed a mottled draconian
  9890 | Volcano  | Incinerated by a mottled draconian

Action                   |  1- 3 |  4- 6 |  7- 9 | 10-12 || total
-------------------------+-------+-------+-------+-------++-------
Melee: War axe           |   110 |   154 |   452 |   105 ||   821
       Battleaxe         |       |       |       |   125 ||   125
Throw: Javelin           |       |     5 |    19 |     4 ||    28
  Use: Scroll            |       |     8 |    23 |     5 ||    36
       Potion            |       |     1 |     1 |     2 ||     4
 Stab: Distracted        |       |       |     1 |       ||     1
       Sleeping          |       |       |     1 |     2 ||     3
  Eat: Chunk             |    13 |    11 |    31 |     9 ||    64
       Bread ration      |     1 |     1 |     3 |     1 ||     6
